 Dungeon Crawl Stone Soup version 0.16-a0-3803-gd4b2de5 (console) character file.

7946 MrRokkomies the Basher (level 11, -11/102 HPs)
             Began as an Ogre Hunter on Jan 26, 2015.
             Was a High Priest of Makhleb.
             Mangled by Snorg (16 damage)
             ... on level 3 of the Lair of Beasts.
             The game lasted 00:57:35 (10099 turns).

MrRokkomies the Basher (Ogre Hunter)               Turns: 10099, Time: 00:57:37

Health: -11/102    AC: 11    Str: 19    XL:     11   Next: 23%
Magic:  32/32      EV: 10    Int: 12    God:    Makhleb [*****.]
Gold:   441        SH:  0    Dex: 11    Spells: 1 memorised, 9 levels left

rFire  . . .     SeeInvis +     a - +3 giant spiked club
rCold  . . .     Clarity  .     Q - +2 troll leather armour
rNeg   . . .     SustAb   .     (shield restricted)
rPois  +         Gourm    .     d - +0 hat of Indomitability {Regen+ MP+9}
rElec  .         Spirit   .     t - +2 cloak {rPois}
rCorr  .         Warding  .     (gloves unavailable)
rMut   .         Stasis   .     (boots unavailable)
MR     +....                    A - amulet of regeneration
Stlth  ++........               i - ring of see invisible
                                u - ring of stealth (curse)

@: somewhat resistant to hostile enchantments, unstealthy
A: unfitting armour, icy blue scales 1, tough skin 1
a: Minor Destruction, Lesser Servant of Makhleb, Major Destruction, Greater
Servant of Makhleb, Renounce Religion


You were on level 3 of the Lair of Beasts.
You worshipped Makhleb.
Makhleb was extremely pleased with you.
You were not hungry.

You visited 2 branches of the dungeon, and saw 11 of its levels.

You collected 441 gold pieces.

Inventory:

Hand weapons
 a - a +3 giant spiked club (weapon)
 b - a +0 blowgun
Missiles
 c - 3 throwing nets
 h - 82 poisoned needles
 l - 7 javelins (quivered)
 F - 5 large rocks
Armour
 d - the +0 hat of Indomitability (worn) {Regen+ MP+9}
   (You acquired it on level 1 of the Lair of Beasts)

   It affects your magic capacity (+9).
   It increases your rate of regeneration.
 p - a +1 hat of magic resistance
 t - a +2 cloak of poison resistance (worn)
 Q - a +2 troll leather armour (worn)
Rods
 G - a +0 rod of clouds (14/14)
   (You found it on level 5 of the Dungeon)
Jewellery
 i - a ring of see invisible (right hand)
 u - a cursed ring of stealth (left hand)
 A - an amulet of regeneration (around neck)
Magical devices
 o - a wand of polymorph (11)
 y - a wand of enslavement (4)
 I - a wand of draining (1)
 J - a wand of teleportation (5)
Scrolls
 g - a scroll of amnesia
 q - 3 scrolls of remove curse
 x - 4 scrolls of teleportation
 D - 2 scrolls of identify
Potions
 e - 2 potions of cancellation
 j - a potion of might
 m - a potion of flight
 v - a potion of magic {unknown}
 z - a potion of haste
 B - 4 potions of curing
 M - a potion of invisibility
Books
 r - a book of Changes

   Spells                             Type                      Level
   a - Beastly Appendage              Transmutation                1
   b - Sticks to Snakes               Transmutation                2
   c - Spider Form                    Transmutation/Poison         3
   d - Ice Form                       Ice/Transmutation            4
   e - Blade Hands                    Transmutation                5
Comestibles
 f - 4 meat rations
 k - 10 beef jerkies
 n - 10 bread rations
 w - 5 fruits


   Skills:
 - Level 5.0 Fighting
 * Level 14.3 Maces & Flails
 - Level 8.3 Throwing
 * Level 2.6 Dodging
 - Level 0.7 Stealth
 - Level 9.1 Evocations


You had 9 spell levels left.
You knew the following spells:

 Your Spells              Type           Power        Failure   Level  Hunger
a - Animate Skeleton      Necr           N/A          38%         1    ##.....


Dungeon Overview and Level Annotations

Branches:
Dungeon (8/15)             Temple (0/1) D:7            Lair (3/8) D:8
  Swamp: Lair:3-6    Shoals: Lair:3-6     Snake: Lair:3-6    Spider: Lair:3-6

Altars:
Fedhas
Kikubaaqudgha
Makhleb
Nemelex Xobeh
Okawaru
Sif Muna
Trog
Vehumet

Annotations:
Lair:3 Snorg


Innate Abilities, Weirdness & Mutations

You are too large for most types of armour.
You have tough skin (AC +1).
You are partially covered in icy blue scales (AC +1).


Message History

Snorg barely misses you. x2
Snorg closely misses you.
The river rat bites you but does no damage.
Snorg bites you! Snorg closely misses you. Snorg claws you!
The river rat bites you but does no damage.
You impale Snorg!!
Snorg is almost dead.
The river rat barely misses you. Snorg bites you but does no damage.
Snorg claws you. Snorg barely misses you.
The river rat bites you but does no damage.
You puncture Snorg!
Snorg is almost dead.
Snorg bites you!! Snorg claws you but does no damage. Snorg claws you!
* * * LOW HITPOINT WARNING * * *
The river rat barely misses you. Snorg bites you!
* * * LOW HITPOINT WARNING * * *
Snorg claws you!
* * * LOW HITPOINT WARNING * * *
Snorg claws you!
You die...

.♣♣♣.......†..#.... .♣
♣...........# .♣
♣...........#..
♣♣♣♣.........†.#...
♣♣..........†.#... .
♣♣................. ...
.................#....#
.................##.....
................F.....8.
.....[..........rr#......
#...............@T..8...8
#.................#......
....................(.8.
..................#.....
...............#.....#.#
......#.......#.....#!.
..............+.8..#..
........#P.####..##.
#P.....##### .+# #...^.##
. #....#.#


You could see Snorg (berserk), a spiny frog and 2 river rats.

Vanquished Creatures
  Pikel (D:8)
  4 elephants (Lair:2)
  A black mamba (Lair:3)
  3 komodo dragons
  A spiny frog (Lair:3)
  A troll (D:8)
  5 hippogriffs
  A hungry ghost (D:8)
  A deep elf fighter (D:8)
  3 water moccasins
  A porcupine (Lair:1)
  2 slaves (D:8)
  2 black bears
  5 ogres
  A sky beast (D:5)
  A phantom (D:8)
  A crocodile (Lair:1)
  A big kobold (D:8)
  Sigmund (D:2)
  6 giant frogs
  3 scorpions
  3 wights (D:6)
  A centaur zombie (D:5)
  A crimson imp (D:6)
  3 goliath beetles
  7 orc wizards
  11 hounds
  A jelly (D:6)
  3 worker ants
  A centaur skeleton (D:4)
  7 iguanas
  4 sheep (Lair:2)
  A mummy (D:6)
  Robin (D:1)
  19 river rats
  16 adders
  A worm (D:3)
  3 shadow imps
  An adder zombie (D:8)
  An adder skeleton (D:7)
  6 giant geckos
  3 oozes (D:3)
  13 orcs
  A bat skeleton (D:4)
  15 hobgoblins
  4 jackals (D:2)
  18 bats
  5 giant cockroaches
  A giant gecko skeleton (D:4)
  5 giant newts
  23 goblins
  15 kobolds
  9 quokkas
  25 rats
  A butterfly (Lair:2)
  A plant (D:8)
275 creatures vanquished.

Vanquished Creatures (collateral kills)
  A porcupine (Lair:1)
  A crocodile (Lair:2)
  A hound (D:6)
  An iguana (Lair:1)
  2 sheep (Lair:2)
  An adder (Lair:1)
  A river rat (Lair:1)
  A goblin (D:6)
  A quokka zombie (D:6)
10 creatures vanquished.

Vanquished Creatures (others)
  A slave (D:8)
  An elephant skeleton (Lair:2)
  An orc priest (D:8)
  A giant frog skeleton (D:8)
  An orc (D:8)
  4 orc skeletons
9 creatures vanquished.

Grand Total: 294 creatures vanquished

Notes
Turn   | Place    | Note
--------------------------------------------------------------
     0 | D:1      | MrRokkomies, the Ogre Hunter, began the quest for the Orb.
     0 | D:1      | Reached XP level 1. HP: 22/22 MP: 1/1
   351 | D:1      | Reached XP level 2. HP: 31/31 MP: 2/2
  1095 | D:2      | Noticed Sigmund
  1102 | D:2      | Reached XP level 3. HP: 27/37 MP: 3/3
  1106 | D:2      | Killed Sigmund
  1106 | D:2      | Reached skill level 5 in Throwing
  1106 | D:2      | Reached XP level 4. HP: 33/49 MP: 4/4
  1375 | D:2      | Reached skill level 5 in Fighting
  1375 | D:2      | Reached XP level 5. HP: 45/57 MP: 5/5
  1422 | D:2      | Noticed Robin
  1652 | D:1      | Reached skill level 1 in Maces & Flails
  1901 | D:1      | Killed Robin
  2265 | D:2      | Reached skill level 6 in Throwing
  3762 | D:4      | Reached XP level 6. HP: 9/66 MP: 6/6
  4222 | D:4      | Found a bloodstained altar of Trog.
  4223 | D:4      | Found a burning altar of Makhleb.
  4223 | D:4      | Found a blossoming altar of Fedhas.
  4228 | D:4      | Became a worshipper of Makhleb the Destroyer
  4334 | D:4      | Noticed an ogre
  4353 | D:4      | Killed an ogre
  4538 | D:4      | Reached XP level 7. HP: 66/72 MP: 7/7
  4607 | D:4      | Found a deep blue altar of Sif Muna.
  4609 | D:4      | Reached skill level 7 in Throwing
  4612 | D:4      | Identified Sif Muna's Handbook of Curses
  4621 | D:4      | Found a radiant altar of Vehumet.
  4625 | D:4      | Identified Vehumet's Incunabulum of Attacks
  4629 | D:4      | Found an ancient bone altar of Kikubaaqudgha.
  4633 | D:4      | Identified Kikubaaqudgha's Handbook of Dark Secrets
  4636 | D:4      | Learned a level 1 spell: Animate Skeleton
  4695 | D:4      | Reached skill level 5 in Maces & Flails
  4798 | D:5      | Entered Level 5 of the Dungeon
  4946 | D:5      | Acquired Makhleb's first power
  5269 | D:5      | Reached skill level 8 in Throwing
  5269 | D:5      | Reached XP level 8. HP: 32/80 MP: 8/8
  5448 | D:5      | Identified a +0 rod of clouds (14/14) (You found it on level 5 of the Dungeon)
  5832 | D:6      | Reached skill level 1 in Evocations
  6105 | D:6      | Acquired Makhleb's second power
  6126 | D:6      | Identified a scroll of acquirement
  6317 | D:6      | Reached skill level 9 in Maces & Flails
  6391 | D:7      | Found a staircase to the Ecumenical Temple.
  6623 | D:7      | Reached XP level 9. HP: 86/88 MP: 12/14
  6951 | D:8      | Found a sparkling altar of Nemelex Xobeh.
  7192 | D:7      | Acquired Makhleb's third power
  7253 | D:8      | Found an iron altar of Okawaru.
  7268 | D:8      | Noticed Pikel
  7287 | D:8      | Reached skill level 10 in Maces & Flails
  7323 | D:8      | Killed Pikel
  7323 | D:8      | Reached skill level 5 in Evocations
  7566 | D:8      | Reached skill level 11 in Maces & Flails
  7597 | D:8      | Found a staircase to the Lair.
  7734 | D:8      | Acquired Makhleb's fourth power
  7994 | D:8      | Reached XP level 10. HP: 96/96 MP: 19/19
  8221 | Lair:1   | Entered Level 1 of the Lair of Beasts
  8232 | Lair:1   | Gained mutation: You are partially covered in icy blue scales (AC +1). [potion of beneficial mutation]
  8239 | Lair:1   | Reached skill level 12 in Maces & Flails
  8610 | Lair:1   | Got a bloodstained hat
  8621 | Lair:1   | Identified the +0 hat of Indomitability {Regen+ MP+9} (You acquired it on level 1 of the Lair of Beasts)
  8677 | Lair:1   | Acquired Makhleb's fifth power
  9011 | Lair:2   | Reached skill level 13 in Maces & Flails
  9051 | Lair:2   | Noticed an elephant
  9064 | Lair:2   | Noticed an elephant
  9084 | Lair:2   | Killed an elephant
  9124 | Lair:2   | Noticed an elephant
  9134 | Lair:2   | Noticed an elephant
  9153 | Lair:2   | Killed an elephant
  9184 | Lair:2   | Killed an elephant
  9184 | Lair:2   | Reached XP level 11. HP: 86/102 MP: 23/23
  9194 | Lair:2   | Killed an elephant
  9194 | Lair:2   | Reached skill level 14 in Maces & Flails
 10091 | Lair:3   | Noticed Snorg
 10099 | Lair:3   | HP: 5/102 [Snorg (10)]
 10099 | Lair:3   | Mangled by Snorg

Action                   |  1- 3 |  4- 6 |  7- 9 | 10-12 || total
-------------------------+-------+-------+-------+-------++-------
Melee: Club              |    38 |       |       |       ||    38
       Short sword       |    10 |       |       |       ||    10
       Whip              |    38 |   353 |       |       ||   391
       Giant club        |       |     4 |   420 |     3 ||   427
       Giant spiked club |       |       |       |   181 ||   181
 Fire: Blowgun           |       |       |    30 |    14 ||    44
Throw: Stone             |    10 |    27 |    13 |       ||    50
       Large rock        |     5 |       |       |       ||     5
       Javelin           |       |     2 |     5 |    15 ||    22
 Cast: Animate Skeleton  |       |       |     6 |     7 ||    13
Evoke: Wand              |       |       |     2 |     2 ||     4
       Rod               |       |       |     1 |       ||     1
  Use: Scroll            |     2 |     1 |    19 |    12 ||    34
       Potion            |       |     8 |       |     4 ||    12
 Stab: Sleeping          |     1 |     2 |     4 |       ||     7
       Confused          |       |       |     4 |       ||     4
  Eat: Chunk             |     1 |    12 |    19 |     7 ||    39
       Pizza             |       |       |       |     1 ||     1
